AoeStats
← Garesss

Arena

507845214Analyzed
2v2 RM · 13d ago on Sep 19, 2026· 42m 43s· 4 players
Game mode
Random Map
Map size
Medium (4 player)
Population
200
Speed
Normal
Resources
Standard
Victory
Conquest
Starting age
Dark Age
Ending age
Imperial Age
RankedLock teamsTeams togetherTeam positionsShared explorationLock speedFull tech treeHidden civsTurbo modeCheats
Victory
Defeat
🇲🇽 Romans · Mexico
555
+20
🇲🇽 Portuguese · Mexico
527
+21
🇪🇸 Chinese · Spain
663
-22
🇪🇸 Bohemians · Spain
611
-19
j03maga
0:52 Loom
13:33 Feudal Age
14:50 Wheelbarrow
13:58 Horse Collar
14:07 Double-Bit Axe
14:48 Gold Mining
15:11 Stone Mining
25:21 Castle Age
26:16 Bow Saw
26:24 Hand Cart
26:12 Heavy Plow
27:48 Pikeman
32:49 Ballistics
36:14 Imperial Age
35:06 Stone Shaft Mining
36:54 Thumb Ring
38:24 Chemistry
37:39 Forging
37:32 Padded Archer Armor
37:23 Fletching
37:34 Scale Mail Armor
38:39 Conscription
37:46 Halberdier
38:13 Gambesons
37:53 Elite Skirmisher
43:23 Chain Mail Armor
43:44 Iron Casting
43:25 Leather Archer Armor
43:06 Bodkin Arrow
aalaan50
0:30 Loom
0:35 Loom
11:58 Feudal Age
13:29 Double-Bit Axe
15:05 Wheelbarrow
14:56 Horse Collar
18:10 Forging
18:01 Scale Mail Armor
18:58 Man-at-Arms
19:27 Town Watch
22:40 Castle Age
21:36 Fletching
22:14 Gold Mining
22:18 Stone Mining
23:50 Hand Cart
23:39 Squires
23:01 Long Swordsman
24:11 Heavy Plow
25:33 Iron Casting
25:14 Chain Mail Armor
25:08 Scale Barding Armor
26:45 Caravan
29:09 Chain Barding Armor
32:20 Imperial Age
32:09 Bodkin Arrow
32:52 Legionary
36:57 Blast Furnace
38:27 Ballistas
39:37 Conscription
42:37 Ballistics
42:14 Murder Holes
42:30 Fortified Wall
Garesss
15:01 Feudal Age
16:41 Horse Collar
17:30 Double-Bit Axe
20:40 Castle Age
19:25 Wheelbarrow
22:38 Bow Saw
22:32 Heavy Plow
22:55 Hand Cart
22:16 Pikeman
30:02 Chemistry
29:23 Ballistics
29:08 Squires
28:53 Arson
34:46 Imperial Age
32:40 Forging
32:21 Fletching
32:41 Murder Holes
37:07 Two-Man Saw
36:53 Elite Skirmisher
38:58 Iron Casting
38:18 Bodkin Arrow
38:24 Scale Mail Armor
38:25 Padded Archer Armor
39:02 Siege Engineers
40:41 Bracer
41:42 Blast Furnace
41:14 Conscription
dan_sp
11:49 Loom
13:48 Feudal Age
15:23 Wheelbarrow
14:38 Double-Bit Axe
14:41 Horse Collar
14:56 Gold Mining
15:00 Stone Mining
19:10 Town Watch
21:31 Castle Age
19:17 Town Watch
23:40 Hand Cart
23:26 Town Patrol
23:40 Bow Saw
23:34 Heavy Plow
24:45 Gold Shaft Mining
24:49 Stone Shaft Mining
32:39 Imperial Age
31:25 Great Wall
33:24 Masonry
33:10 Murder Holes
33:39 Ballistics
33:10 Guard Tower
34:21 Chemistry
33:09 Arrowslits
33:36 Fortified Wall
33:18 Heated Shot
34:32 Pikeman
35:12 Squires
35:28 Forging
35:18 Scale Mail Armor
35:19 Padded Archer Armor
35:09 Fletching
35:26 Scale Barding Armor
37:41 Two-Man Saw
37:25 Architecture
37:31 Keep
37:17 Chain Mail Armor
37:04 Halberdier
38:12 Cavalier
Connection lost

Rejoining the realm…

Still unreachable

The connection could not be restored.

Session expired

The server has moved on; the page needs a fresh start.